 Dungeon Crawl Stone Soup version 0.19-a0-860-g5c370dd (webtiles) character file.

354 George the Slasher (level 6, -6/47 HPs)
             Began as a Demonspawn Monk on July 2, 2016.
             Killed from afar by an orc wizard (7 damage)
             ... with a puff of frost
             ... on level 4 of the Dungeon.
             The game lasted 00:11:16 (6096 turns).

George the Slasher (Demonspawn Monk)                Turns: 6096, Time: 00:11:17

Health: -6/47      AC:  4    Str: 11    XL:     6   Next: 35%
Magic:  6/6        EV: 13    Int: 12    God:
Gold:   178        SH:  0    Dex: 17    Spells: 0 memorised, 5 levels left

rFire  . . .     SeeInvis .     a - +0 falchion
rCold  . . .     Gourm    .     b - +0 robe
rNeg   . . .     Faith    .     (no shield)
rPois  .         Spirit   .     G - +0 helmet
rElec  .         Dismiss  .     q - +0 cloak
rCorr  .         Reflect  .     (no gloves)
SustAt .         Harm     .     (no boots)
MR     .....                    (no amulet)
Stlth  +++.......               (no ring)
                                z - ring of stealth

@: not resistant to hostile enchantments, fairly stealthy
A: talons 1, rot immunity
a: no special abilities


You were on level 4 of the Dungeon.
You were hungry.

You visited 1 branch of the dungeon, and saw 4 of its levels.
You also visited: Ossuary.

You collected 178 gold pieces.

Inventory:

Hand Weapons
 a - a +0 falchion (weapon)
Missiles
 v - a throwing net (quivered)
Armour
 b - a +0 robe (worn)
 q - a +0 cloak (worn)
 G - a +0 helmet (worn)
Jewellery
 z - a ring of stealth (left hand)
Scrolls
 x - a scroll of fear
 y - a scroll of teleportation
Potions
 d - 3 potions of flight
 e - 2 potions of heal wounds
 g - 3 potions of haste
 i - 4 potions of agility
 j - 2 potions of invisibility
 p - 2 potions of might {unknown}
 w - 3 potions of curing {unknown}
 A - a potion of cure mutation {unknown}
 C - a potion of brilliance {unknown}
 E - a potion of ambrosia {unknown}
 H - a potion of degeneration {unknown}
Comestibles
 c - 3 bread rations
 m - a slice of pizza
 t - a meat ration
 u - a beef jerky


   Skills:
 - Level 3.0 Fighting
 + Level 6.6 Long Blades
 - Level 2.6 Dodging
 - Level 1.7 Stealth


You had 5 spell levels left.
You didn't know any spells.

Dungeon Overview and Level Annotations

Branches:
Dungeon (4/15)
 Temple: D:4-7

Altars:
Kikubaaqudgha
Pakellas
Trog

Shops:
D:4 %

Annotations:
D:3 4thArraOfDagon's ghost, amateur HuMo


Innate Abilities, Weirdness & Mutations

You have sharp toenails.
You are immune to rotting.


Message History

The orc wizard casts a spell.
The orc wizard flickers and vanishes!
Deactivating autopickup; reactivate with Ctrl-A.
The orc closely misses you.
You hear some strange, mumbled words.
A magic dart appears from out of thin air!
The magic dart hits you!
* * * LOW HITPOINT WARNING * * *
Something hits you.
* * * LOW HITPOINT WARNING * * *
A magic dart appears from out of thin air!
The magic dart hits you!
* * * LOW HITPOINT WARNING * * *
You hear some strange, mumbled words.
A puff of frost appears from out of thin air!
The puff of frost hits you!
* * * LOW HITPOINT WARNING * * *
A puff of frost appears from out of thin air!
The puff of frost hits you!
You die...

#.#.....# #.......#
##.....## #.....#
##.....# #.....## ###
#.....# #####.#
#....## #####.....#
#....#
######..@....###
##..####...o{..######
#.........#####
##.....##### #....###
##....# .....##
.....#########
.....##......###


You could see an orc.

Vanquished Creatures
  A human zombie (Ossuary)
  A hound (D:4)
  2 big kobold zombies (Ossuary)
  2 mummies (Ossuary)
  5 adders
  A gnoll (D:1)
  5 river rats (D:4)
  A shadow imp (D:3)
  An ooze (D:3)
  An adder zombie (Ossuary)
  A worm (D:2)
  5 dart slugs
  3 giant geckos
  2 orcs (D:4)
  14 bats
  3 giant cockroaches
  9 goblins
  7 hobgoblins
  A ball python (D:1)
  7 giant newts
  3 goblin zombies (Ossuary)
  9 hobgoblin zombies
  3 jackal zombies (Ossuary)
  8 kobolds
  11 kobold zombies (Ossuary)
  7 orc zombies (Ossuary)
  17 rats
  A rat zombie (Ossuary)
131 creatures vanquished.

Notes
Turn   | Place    | Note
-------+----------+-------------------------------------------
     0 | D:1      | George the Demonspawn Monk began the quest for the Orb.
     0 | D:1      | Reached XP level 1. HP: 18/18 MP: 1/1
    11 | D:1      | Reached skill level 3 in Long Blades
   129 | D:1      | Gained mutation: You are immune to rotting. [demonic ancestry]
   129 | D:1      | Reached XP level 2. HP: 19/24 MP: 2/2
   286 | D:1      | Reached XP level 3. HP: 24/29 MP: 3/3
   454 | D:1      | Reached skill level 4 in Long Blades
   803 | D:2      | Found a faded altar of an unknown god.
   884 | D:2      | Gained mutation: You have sharp toenails. [demonic ancestry]
   884 | D:2      | Reached XP level 4. HP: 31/35 MP: 4/4
  1557 | D:2      | Found a bloodstained altar of Trog.
  1791 | D:3      | Noticed 4thArraOfDagon's ghost (amateur HuMo)
  2800 | D:3      | Reached skill level 5 in Long Blades
  3639 | D:3      | Found an oddly glowing altar of Pakellas.
  3956 | D:4      | Reached XP level 5. HP: 41/41 MP: 5/5
  4090 | D:4      | Found an ancient bone altar of Kikubaaqudgha.
  4102 | D:4      | Found a sand-covered staircase.
  4113 | Ossuary  | Entered an ossuary
  4710 | Ossuary  | Reached skill level 6 in Long Blades
  4839 | D:4      | Noticed an ogre
  4872 | D:4      | Reached XP level 6. HP: 26/47 MP: 6/6
  5126 | D:4      | Found Wughaox's Food Shop.
  6094 | D:4      | HP: 1/47 [something/puff of frost (3)]
  6096 | D:4      | Killed from afar by an orc wizard

Vault maps used:
D:1:      dpeg_arrival_central, corexii_item_surrounded_by_moat
D:2:      ecumenical_altar_1, trog_hazing_becter
D:3:      first_bread, grunt_pakellas_basics
D:4:      kiku_gazebo_pond_becter, serial_bayou, serial_bayou_shore_a,
          serial_bayou_pond_e, serial_bayou_lagoon_a, serial_bayou_pond_a,
          enter_ossuary_3, serial_shops, nicolae_shop_behind_doors,
          grunt_ministairs_2, dk_rats_in_the_wall
Ossuary:  ossuary_tomb_1

Skill      XL: |  1  2  3  4  5 |
---------------+----------------+-----
Long Blades    | 3 4 5 6 |  6.6
Fighting       | |  3.0
Dodging        | |  2.6
Stealth        | |  1.7

Action                   |  1- 3 |  4- 6 || total
-------------------------+-------+-------++-------
Melee: Falchion          |   115 |   532 ||   647
       Kick              |       |   145 ||   145
  Use: Scroll            |       |    12 ||    12
       Potion            |       |     1 ||     1
 Stab: Sleeping          |     3 |     2 ||     5
       Distracted        |       |     2 ||     2
       Invisible         |       |     5 ||     5
  Eat: Chunk             |       |    15 ||    15
       Royal jelly       |       |     1 ||     1
Armor: Robe              |    19 |    75 ||    94
Dodge: Dodged            |    75 |   265 ||   340
